 Dungeon Crawl Stone Soup version 0.21-a0-529-g8c7b3f5 (webtiles) character file.

4 Gorice the Magician (level 1, 0/15 HPs)
             Began as a Demonspawn Wanderer on Dec 9, 2017.
             Slain by a rat (1 damage)
             ... on level 1 of the Dungeon.
             The game lasted 00:01:09 (112 turns).

Gorice the Magician (Demonspawn Wanderer)            Turns: 112, Time: 00:01:10

Health: 0/15       AC:  2    Str: 12    XL:     1   Next: 50%
Magic:  3/3        EV: 11    Int: 13    God:
Gold:   0          SH:  0    Dex: 12    Spells: 4/4 levels left

rFire    . . .     SeeInvis .   a - +2 dagger
rCold    . . .     Gourm    .   (no shield)
rNeg     . . .     Faith    .   e - +0 robe
rPois    .         Spirit   .   (no helmet)
rElec    .         Reflect  .   (no cloak)
rCorr    .         Harm     .   (no gloves)
MR       .....                  (no boots)
Stlth    ++........             (no amulet)
HPRegen  0.05/turn              (no ring)
MPRegen  0.08/turn              (no ring)

@: no status effects
A: no striking features
a: no special abilities


You were on level 1 of the Dungeon.
You were not hungry.

You visited 1 branch of the dungeon, and saw 1 of its levels.

Inventory:

Hand Weapons
 a - a +2 dagger (weapon)
Missiles
 g - 25 stones (quivered)
Armour
 e - a +0 robe (worn)
Scrolls
 h - a scroll of remove curse {unknown}
 i - a scroll of fog {unknown}
Potions
 b - a potion of haste {!q}
Books
 c - the Disquisition on the Entourage

   Spells                             Type                      Level
   a - Summon Small Mammal            Summoning                    1
   b - Recall                         Summoning/Translocation      3
 Y - the Incunabulum of Stones

   Spells                             Type                      Level
   a - Sandblast                      Earth                        1
   b - Stone Arrow                    Conjuration/Earth            3
Comestibles
 d - a chunk of flesh
 f - a bread ration {!e}


   Skills:
 + Level 1.1 Fighting
 - Level 1.7 Stealth
 - Level 2.0 Spellcasting
   Level 1.0 Hexes
   Level 1.1 Necromancy
   Level 1.7 Fire Magic
   Level 1.7 Earth Magic


You had 4 spell levels left.
You didn't know any spells.

Dungeon Overview and Level Annotations

Branches:
Dungeon (1/15)

Altars:


Message History

The leopard gecko bites you but does no damage.
The leopard gecko barely misses you.
Unknown command.
Unknown command.
The leopard gecko barely misses you.
Unknown command.
Unknown command.
Unknown command.
Unknown command.
Unknown command.
You miss the leopard gecko. The leopard gecko closely misses you.
You hit the leopard gecko.
The leopard gecko is severely wounded.
The leopard gecko bites you.
Damage: 2 (max 4)
You miss the leopard gecko.
The leopard gecko is severely wounded.
The leopard gecko closely misses you.
You miss the leopard gecko.
The leopard gecko is severely wounded.
The leopard gecko closely misses you.
You hit the leopard gecko.
The leopard gecko is almost dead.
The leopard gecko barely misses you. The leopard gecko bites you.
* * * LOW HITPOINT WARNING * * *
Damage: 4 (max 4) Unknown command.
You hit the leopard gecko but do no damage.
The leopard gecko is almost dead.
The leopard gecko barely misses you.
You barely miss the leopard gecko.
The leopard gecko is almost dead.
The leopard gecko bites you.
* * * LOW HITPOINT WARNING * * *
Damage: 3 (max 4)
You barely miss the leopard gecko.
The leopard gecko is almost dead.
The leopard gecko bites you but does no damage.
You hit the leopard gecko.
You kill the leopard gecko!
Your Fighting skill increases to level 1!
You barely miss the rat. The rat completely misses you.
You hit the rat but do no damage. The rat barely misses you.
You hit the rat.
The rat is severely wounded.
The rat misses you.
You hit the rat but do no damage.
The rat is severely wounded.
The rat bites you.
You die...

...............
..............#
#.....###.# #.........#
#.?.#.##### #...#.#
#.#...#.#
#......r#######..
########.......#@........
#.....##.###.#)#.#####.#.
#.....##.###......###
#..>................#
##....##.#####.#..#.#
##.....#.......#..#.##.#
≈≈#.###........#.......#
≈≈....##.###......#.####
≈≈..#.#.####.######.#


You could see a rat.

Vanquished Creatures
  A leopard gecko (D:1)
  A ball python (D:1)
  A bat (D:1)
3 creatures vanquished.

Notes
Turn   | Place    | Note
-------+----------+-------------------------------------------
     0 | D:1      | Gorice the Demonspawn Wanderer began the quest for the Orb.
     0 | D:1      | Gorice set off with: a +2 dagger, a potion of haste {!q}, the Disquisition on the Entourage, a +0 robe, a bread ration {!e}, the Incunabulum of Stones
     0 | D:1      | Reached XP level 1. HP: 13/13 MP: 3/3
     0 | D:1      | Identified the Disquisition on the Entourage
     0 | D:1      | Identified the Incunabulum of Stones
   104 | D:1      | HP: 4/14 [leopard gecko (4)]
   106 | D:1      | HP: 1/14 [leopard gecko (3)]
   108 | D:1      | Reached skill level 1 in Fighting
   112 | D:1      | Slain by a rat

Vault maps used:
D:1:      sevenhm_arrival_forest_fort_small_4

Skill      XL: |  1 |
---------------+----+-----
Fighting       | 1 |  1.1
Stealth        | |  1.7
Spellcasting   | |  2.0
Hexes          | |  1.0
Necromancy     | |  1.1
Fire Magic     | |  1.7
Earth Magic    | |  1.7

Action                   || total
-------------------------++-------
Melee: Dagger            ||    24
Armor: Robe              ||    11
Dodge: Dodged            ||    18

Table legend:
 A = Spawn XP
 B = Non-spawn XP
 C = Spawn XP percentage of total XP
 D = Spawn monster count
 E = Non-spawn monster count
 F = Spawn count percentage of total count
 G = Total turns spent on level
                    A         B        C        D         E        F      G
               +---------+---------+-------+---------+---------+-------+---------
         Total |       0 |       6 |   0.0 |       0 |       3 |   0.0 |   112
               +---------+---------+-------+---------+---------+-------+---------
           D:1 |       0 |       6 |   0.0 |       0 |       3 |   0.0 |   112
               +---------+---------+-------+---------+---------+-------+---------

Table legend:
 A = Turns spent in this place as a percentage of turns spent in the entire game.
 B = Non-inter-level travel turns spent in this place as a percentage of non-inter-level travel turns spent in the entire game.
 C = Inter-level travel turns spent in this place as a percentage of turns spent in this place.
 D = Turns resting spent in this place as a percentage of non-inter-level travel turns spent in this place.
 E = Turns spent auto-exploring this place as a percentage of non-inter-level travel turns spent in this place.
 F = Non-inter-level travel turns spent in this place divided by the number of levels of this place that you've seen.
                   A       B       C       D       E      F
               +-------+-------+-------+-------+-------+----------------------
         Total | 100.0 | 100.0 |   0.0 |   0.0 |  29.5 | 112.0
       Dungeon | 100.0 | 100.0 |   0.0 |   0.0 |  29.5 | 112.0
               +-------+-------+-------+-------+-------+----------------------

Vault maps used:
D:1:      sevenhm_arrival_forest_fort_small_4
